 Dungeon Crawl Stone Soup version 0.30.1-9-gdf580d7c3d (webtiles) character file.

Game seed: 9317153232330794088

2449 hawla the Fighter (level 10, -2/88 HPs)
             Began as a Meteoran Fire Elementalist on Oct 20, 2023.
             Was a Believer of Vehumet.
             Shot with a sling bullet by Joseph (14 damage)
             ... on level 8 of the Dungeon.
             The game lasted 00:12:48 (1460 turns).

hawla the Fighter (Meteoran Fire Elementalist)      Turns: 1460, Time: 00:12:49

Health: -2/88      AC:  3    Str: 10    XL:     10   Next: 6%
Magic:  18/21      EV: 13    Int: 21    God:    Vehumet [**....]
Gold:   155        SH:  0    Dex: 15    Spells: 15/22 levels left

rFire   . . .        i - staff of earth
rCold   . . .        (no shield)
rNeg    . . .        a - +0 robe
rPois   .            g - +0 helmet
rElec   .            (no cloak)
rCorr   +            (no gloves)
SInv    .            (no boots)
Will    +....        (no amulet)
Stlth   +            n - ring of resist corrosion
HPRegen 0.34/turn    (no ring)
MPRegen 0.17/turn

%: no passive effects
@: glowing
A: sense surroundings 2, otherworldly, glowing, explore regen
a: Renounce Religion


You were on level 8 of the Dungeon.
You worshipped Vehumet.
Vehumet was pleased with you.
You visited 2 branches of the dungeon, and saw 11 of its levels.
You also visited: Bailey.

You collected 248 gold pieces.
You spent 93 gold pieces at shops.

Inventory:

Hand Weapons
 d - a +1 rapier of electrocution
 l - the +5 broad axe "Oniu" {drain, rC- rN++ Str+3 SInv}
   (You found it in a bailey)

   Str:       It affects your strength (+3).
   rC:        It makes you vulnerable to cold.
   rN:        It greatly protects you from negative energy.
   SInv:      It lets you see invisible.
Armour
 a - a +0 robe (worn)
 g - a +0 helmet (worn)
Magical Staves
 h - a staff of cold
 i - a staff of earth (weapon)
Jewellery
 n - a ring of resist corrosion (left hand)
Scrolls
 m - a scroll of identify {unknown}
Potions
 b - a potion of magic
 c - 2 potions of lignification {unknown}
 e - a potion of mutation {unknown}
 f - a potion of ambrosia {unknown}
 j - a potion of attraction {unknown}
 k - a potion of berserk rage {unknown}


   Skills:
 + Level 8.2 Fighting
 - Level 2.3 Short Blades
 - Level 3.4 Dodging
 - Level 1.4 Stealth
 - Level 6.6 Spellcasting
 - Level 6.3 Conjurations
 - Level 7.8 Fire Magic


You had 15 spell levels left.
You knew the following spells:

 Your Spells              Type           Power      Damage    Failure   Level
a - Foxfire               Conj/Fire      100%       2x1d9     1%          1
b - Scorch                Fire           80%        2d8       1%          2
c - Flame Wave            Conj/Fire      36%        2d10      4%          4

Your spell library contained the following spells:

 Spells                   Type           Power      Damage    Failure   Level
 Sandblast                Erth           20%        2d7       9%          1
 Kiss of Death            Conj/Necr      80%        2d11      2%          1
 Inner Flame              Hex/Fire       23%        N/A       5%          3
 Volatile Blastmotes      Fire/Tloc      46%        2d13      5%          3
 Confusing Touch          Hex            7%         N/A       26%         3
 Dispel Undead            Necr           7%         3d8       65%         4


Dungeon Overview and Level Annotations

Branches:
Dungeon (10/15) Zot: 4844  Temple (1/1) D:4 Zot: 578  Bailey (visited)
   Lair: D:8-11         Orc: D:9-12

Altars:
Ashenzari
Dithmenos
Elyvilon
Ru
Vehumet
Wu Jian

Shops:
D:6 *   D:7 [

Annotations:
D:8 Joseph


Innate Abilities, Weirdness & Mutations

You passively map the area around you.
You are easily found by Zot.
You glow in the dark.
You regain HP and MP as you explore.


Message History

You climb upwards.
Joseph shoots a sling bullet.
The sling bullet hits you!! The sling bullet freezes you.
Joseph shoots a sling bullet.
The sling bullet hits you! The sling bullet freezes you.
There is a stone staircase leading down, spattered with blood here.
n - a ring of resist corrosion (left hand) Joseph shoots a sling bullet.
The sling bullet hits you. The sling bullet freezes you.
Casting: Foxfire (safe; 1% risk of failure)
Confirm with . or Enter, or press ? or * to list all spells.
You conjure some foxfire!
Joseph shoots a sling bullet.
The sling bullet hits you! The sling bullet freezes you.
Casting: Foxfire (safe; 1% risk of failure)
Confirm with . or Enter, or press ? or * to list all spells.
You conjure some foxfire!
The foxfire hits Joseph.
Joseph is lightly wounded.
Casting: Foxfire (safe; 1% risk of failure)
Confirm with . or Enter, or press ? or * to list all spells.
You can't see any susceptible monsters within range! (Use Z to cast anyway.)
Casting: Foxfire (safe; 1% risk of failure)
Confirm with . or Enter, or press ? or * to list all spells.
You conjure some foxfire!
The foxfire hits Joseph.
Joseph is lightly wounded.
The foxfire hits Joseph.
Joseph is lightly wounded.
The foxfire hits Joseph.
Joseph is lightly wounded.
Joseph shoots a sling bullet.
The sling bullet hits you!!
* * * LOW HITPOINT WARNING * * *
The sling bullet freezes you.
* * * LOW HITPOINT WARNING * * *
Casting: Foxfire (safe; 1% risk of failure)
Confirm with . or Enter, or press ? or * to list all spells.
You can't see any susceptible monsters within range! (Use Z to cast anyway.)
Okay, then.
Casting: Foxfire (safe; 1% risk of failure)
Confirm with . or Enter, or press ? or * to list all spells.
You conjure some foxfire!
The foxfire hits Joseph.
Joseph is lightly wounded.
Joseph shoots a sling bullet.
The sling bullet hits you!
You die...

, , * * ### , ,
*#.. *,#,* * *
## ..#####*.# #
, * *, ,
...#.....##.#.#
,,* * ,
.........#...,
* * *,
*#.....§... * *
,* #...§§v§# *
, * #.@.§§@v# *
, ....##v### ,
** # ,*#.* * *
* *#. * * *, *
* , .. ,, , , ,
#. * **, ..* *
* ## ,* *


You could see Joseph (ally target).

Vanquished Creatures
  The ghost of ShellytheWitch the Sneak, a novice KoBr (D:4)
  3 vampire mosquitoes (D:10)
  A water moccasin (D:6)
  7 orc warriors
  A sky beast (D:7)
  2 ogres
  A phantom (D:5)
  A bullfrog (D:9)
  5 scorpions
  A jelly (D:5)
  3 hounds
  4 iguanas
  7 adders
  A shadow imp (D:5)
  2 dart slugs (D:5)
  26 orcs
  A bat (D:2)
  An endoplasm (D:4)
  2 giant cockroaches (D:4)
  4 goblins
  6 hobgoblins
  3 quokkas
  3 ball pythons (D:4)
  A frilled lizard (D:1)
87 creatures vanquished.

Vanquished Creatures (others)
  155 foxfires
155 creatures vanquished.

Grand Total: 242 creatures vanquished

Notes
Turn   | Place    | Note
-------+----------+-------------------------------------------
     0 | D:1      | hawla the Meteoran Fire Elementalist began the quest for
                  | the Orb.
     0 | D:1      | Reached XP level 1. HP: 14/14 MP: 5/5
    93 | D:2      | Reached XP level 2. HP: 20/20 MP: 4/6
    96 | D:2      | Learned a level 2 spell: Scorch
   121 | D:2      | Identified the +0 ring mail "Regyef" {Dex+3}
   263 | D:4      | Reached XP level 3. HP: 16/26 MP: 2/8
   308 | D:4      | Noticed a scorpion
   312 | D:4      | Killed a scorpion
   313 | D:4      | Reached skill level 5 in Fire Magic
   313 | D:4      | Reached XP level 4. HP: 33/33 MP: 0/10
   313 | D:4      | Reached XP level 5. HP: 38/38 MP: 0/11
   363 | D:4      | Learned a level 4 spell: Flame Wave
   379 | D:4      | Found a staircase to the Ecumenical Temple.
   403 | Temple   | Entered the Ecumenical Temple
   411 | Temple   | Became a worshipper of Vehumet
   445 | D:4      | Reached XP level 6. HP: 41/45 MP: 6/12
   489 | D:5      | Entered Level 5 of the Dungeon
   492 | D:5      | Noticed an ogre
   502 | D:4      | Reached skill level 5 in Conjurations
   514 | D:4      | Noticed ShellytheWitch's ghost (novice KoBr)
   516 | D:4      | Noticed an ogre
   518 | D:4      | Found a transporter.
   527 | D:4      | Killed an ogre
   528 | D:4      | Reached XP level 7. HP: 51/51 MP: 5/14
   533 | D:4      | Found a transporter.
   560 | D:4      | Killed ShellytheWitch's ghost
   561 | D:4      | Reached skill level 1 in Short Blades
   561 | D:4      | Reached skill level 5 in Spellcasting
   561 | D:4      | Reached XP level 8. HP: 57/58 MP: 0/16
   623 | D:5      | Reached skill level 1 in Fighting
   645 | D:5      | Reached * piety under Vehumet
   645 | D:5      | Offered knowledge of Magic Dart by Vehumet.
   724 | D:6      | Found Geudov's General Store.
   734 | D:6      | Bought a potion of degeneration for 11 gold pieces
   734 | D:6      | Bought a scroll of blinking for 82 gold pieces
   814 | D:7      | Gained mutation: You passively map the area around you.
                  | [Meteoran growth]
   814 | D:7      | Reached XP level 9. HP: 64/67 MP: 12/19
   824 | D:7      | Noticed Joseph
   850 | D:7      | Found Ackiv's Antique Armour Shoppe.
   938 | D:7      | Found a flagged portal.
   947 | Bailey   | Entered a bailey
   984 | Bailey   | Reached skill level 2 in Fighting
   997 | Bailey   | Reached skill level 3 in Fighting
  1029 | Bailey   | Reached skill level 4 in Fighting
  1034 | Bailey   | Reached skill level 5 in Fighting
  1037 | Bailey   | Reached skill level 6 in Fighting
  1081 | Bailey   | Offered knowledge of Sandblast by Vehumet.
  1090 | Bailey   | Identified the +5 broad axe "Oniu" {drain, rC- rN++ Str+3
                  | SInv}
  1091 | Bailey   | Identified the +0 tower shield of Inaction {Regen+}
  1219 | Bailey   | Reached ** piety under Vehumet
  1268 | D:7      | You fall into a shaft and drop 3 floors!
  1268 | D:10     | Entered Level 10 of the Dungeon
  1356 | D:10     | Noticed a kobold demonologist
  1357 | D:10     | Reached skill level 7 in Fighting
  1364 | D:10     | Reached skill level 8 in Fighting
  1364 | D:10     | Reached XP level 10. HP: 34/88 MP: 10/21
  1460 | D:8      | Shot with a sling bullet by Joseph

Illustrated notes

Levels and vault maps discovered:
D:1:      dpeg_arrival_rhombus, layout_basic
D:2:      layout_loops_ring, serial_shops, nicolae_shop_tiny_glass
D:3:      minmay_bubble_buster, layout_basic, uniq_grinder
D:4:      layout_loops_ring, minmay_temple_entry_stoned_glass,
          gammafunk_ghost_arena, corexii_item_surrounded_by_moat, minivault_4,
          guppyfry_early_lair_pool
D:5:      minmay_evil_eye, layout_cave_pools, st_stairs_2, minmay_crystal_water
D:6:      kennysheep_spiral_hall, layout_basic,
          gammafunk_temple_overflow_elements, lemuel_round_altar, serial_shops,
          shop
D:7:      layout_rooms, enter_bailey_4, serial_curves, eino_curves_02,
          eino_curves_01, eino_curves_04, eino_curves_04, serial_shops,
          kennysheep_little_box, uniq_joseph, uniq_pikel
D:8:      layout_loops_ring, erik_lair_orcish_takeover, grunt_decor_fettered
D:9:      layout_stronghold, gammafunk_temple_overflow_arena,
          nicolae_shop_unique_rings
D:10:     layout_basic, kennysheep_small_circle
Temple:   regret_index_temple_mists

Skill      XL: |  1  2  3  4  5  6  7  8  9 |
---------------+----------------------------+-----
Fire Magic     | 4 5 6 7 |  7.8
Spellcasting   | 3 4 5 6 |  6.6
Dodging        | 3 |  3.4
Conjurations   | 4 5 6 |  6.3
Short Blades   | 1 2 |  2.3
Fighting       | 1 8 |  8.2
Stealth        | |  1.4

Action                     |  1- 3 |  4- 6 |  7- 9 | 10-12 || total
---------------------------+-------+-------+-------+-------++-------
  Melee: Unarmed           |     1 |       |       |       ||     1
         Rapier            |     3 |    11 |     9 |       ||    23
         Staff             |       |       |     1 |     8 ||     9
   Cast: Foxfire           |     7 |    31 |    49 |     6 ||    93
         Scorch            |     7 |     9 |    43 |       ||    59
         Flame Wave        |       |       |    14 |       ||    14
    Use: Scroll            |     1 |       |     2 |       ||     3
         Potion            |       |       |     1 |       ||     1
 Armour: Robe              |     5 |     7 |     9 |     3 ||    24
  Dodge: Dodged            |     7 |    11 |    48 |     4 ||    70
